 Dungeon Crawl Stone Soup version 0.13-a0-2144-gf0858a5 (console) character file.

98709 Duph the Executioner (level 16, -23/137 HPs)
             Began as a Hill Orc Berserker on June 23, 2013.
             Was a High Priest of Trog.
             Killed from afar by Nikola (33 damage)
             ... with a chain lightning
             ... on Level 14 of the Dungeon on June 29, 2013.
             The game lasted 04:17:49 (35165 turns).

Duph the Executioner (Hill Orc Berserker)          Turns: 35165, Time: 04:17:50

HP -23/137       AC 28     Str 22      XL: 16   Next: 27%
MP  28/28        EV  6     Int  7      God: Trog [*****.]
Gold 2207        SH  0     Dex 14      Spells:  0 memorised, 15 levels left

Res.Fire  : . . .   See Invis. : +   f - +0,+4 executioner's axe (elec)
Res.Cold  : . . .   Warding    : .   o - +1 orc plate armour
Life Prot.: . . .   Conserve   : +   (no shield)
Res.Poison: .       Res.Corr.  : .   B - +0 helmet
Res.Elec. : .       Clarity    : .   R - -1 cloak
Sust.Abil.: + .     Spirit.Shd : .   S - +2 pair of dwarf gloves
Res.Mut.  : .       Stasis     : .   T - +2 pair of elf boots
Res.Rott. : .       Flight     : .   X - amulet of conservation
Saprovore : + . .                    z - ring of sustain abilities
                                     C - +1 ring of protection

@: exhausted, studying Bows, slowed, very slow, somewhat resistant to hostile
enchantments, extremely unstealthy
A: see invisible, saprovore 1, Str -1
a: Burn Spellbooks, Berserk, Trog's Hand, Brothers in Arms, Renounce Religion


You were on level 14 of the Dungeon.
You worshipped Trog.
Trog was exalted by your worship.
You were hungry.

You visited 4 branches of the dungeon, and saw 27 of its levels.
You also visited: Volcano.

You collected 2887 gold pieces.
You spent 700 gold pieces at shops.

Inventory:

Hand weapons
 a - the +10,+6 mithril axe "Arga" {speed, MR+ Str+2}
   (You found it on level 4 of the Dungeon)

   Attacks with this weapon take half as long, but cause slightly less damage.
   It affects your strength (+2).
   It affects your resistance to hostile enchantments.
 b - a +0,+4 longbow of frost
 f - a +0,+4 executioner's axe of electrocution (weapon)
 t - a +2,+3 orcish war axe of flaming
 Z - a +8 blowgun
Missiles
 n - 54 arrows of frost
 q - 14 arrows of flame
 s - 98 arrows
 y - 27 poisoned arrows
 M - 3 curare-tipped needles
 Y - 31 arrows of dispersal
Armour
 o - a +1 orcish plate armour (worn)
 w - a +1 buckler
 B - a +0 helmet (worn)
 R - a -1 cloak (worn)
 S - a +2 pair of dwarven gloves (worn)
 T - a +2 pair of elven boots (worn)
Magical devices
 h - a wand of digging (6)
 i - a wand of lightning (10)
 D - a wand of confusion (15)
 G - a wand of fire (6)
 Q - a wand of draining (4)
 U - a wand of cold (11)
 V - a wand of magic darts (12) {unknown}
Comestibles
 c - 2 meat rations
 j - 2 bread rations
Scrolls
 d - 2 scrolls of teleportation
 p - 3 scrolls of remove curse
 O - a scroll of fog
Jewellery
 e - an uncursed amulet of resist corrosion
 g - an uncursed amulet of inaccuracy {unknown}
 r - an uncursed amulet of the gourmand
 z - a ring of sustain abilities (right hand)
 C - a +1 ring of protection (left hand)
 F - a +4 ring of strength {unknown}
 L - a +3 ring of dexterity {unknown}
 X - an amulet of conservation (around neck)
Potions
 v - 6 potions of curing
 A - 3 potions of restore abilities
 K - a potion of might
 P - a potion of speed
 W - a potion of heal wounds
Books
 m - a tome of Destruction
 u - a manual of Bows
 I - a book of the Sky

   Spells                             Type                      Level
   Flight                             Charms/Air                   3
   Airstrike                          Air                          4
   Silence                            Hexes/Air                    5
   Deflect Missiles                   Charms/Air                   6
   Conjure Ball Lightning             Conjuration/Air              7
   Tornado                            Air                          9
   Trog disapproves of the use of such an item.
Miscellaneous
 l - a stone of tremors
 H - a box of beasts


   Skills:
 * Level 12.0 Fighting
 - Level 22.1 Axes
   Level 7.8 Polearms
 - Level 15.6 Bows
 + Level 13.6 Armour
 - Level 1.5 Dodging
   Level 7.4 Shields
 - Level 9.2 Evocations


You had 15 spell levels left.
You didn't know any spells.

Dungeon Overview and Level Annotations

Branches:
Dungeon (14/27)            Temple (1/1) D:5             Orc (4/4) D:10
    Elf (0/3) Orc:4          Lair (8/8) D:8          Shoals (0/5) Lair:5
 Spider (0/5) Lair:6        Slime (0/6) Lair:6

Altars:
Ashenzari
Cheibriados
Elyvilon
Fedhas
Kikubaaqudgha
Makhleb
Nemelex Xobeh
Okawaru
Sif Muna
Trog
Vehumet
Xom
Yredelemnul
Zin
the Shining One

Shops:
D:4: * D:6: ! D:7: [ D:10: =% Orc:1: ? Orc:2: *?=/} Orc:4: +[%%

Annotations
D:11 exclusion: oklob plant
D:14 Nikola
Lair:3 exclusion: ice statue


Innate Abilities, Weirdness & Mutations

You can tolerate rotten meat.
You have supernaturally acute eyesight.
You are weak (Str -1).


Message History

A red film seems to cover your vision as you go berserk!
You feel yourself moving faster!
You feel mighty!
You feel somewhat more hungry.
Nikola gestures wildly while chanting.
Nikola blinks!
You feel a strong urge to attack something.
You are too berserk!
Nikola asks, "Are you insulated?"
You feel your anger subside.
Nikola mumbles some strange words.
Nikola blinks!
You are no longer berserk.
Trog's vigour flows through your veins.
You are exhausted.
You feel yourself slow down.
You are feeling hungry.
There is an open door here.
Nikola mumbles some strange words.
You hear a mighty clap of thunder!
The lightning arc hits you!
You die...

#...### #.....+ ###..####
.##..# #+# #++# .+...#
#.######## #..#
.#...########........# #..#
.#.#.................###..#
.#.#...........#.###......##
.#.######..#####@# #.##....#
##.## #..# ###'#########.#
....# #..#
#.......โ‰ˆโ‰ˆโ‰ˆ...#
.##.#####..###.....#+###'###
...........ยง.'.....# ###
.............'@....####
###+##########........#
#........# ######'###


You could see Nikola.

Vanquished Creatures
  Maud (Lair:5)
  Gastronok (D:9)
  A stone giant (Orc:4)
  Fannar (Orc:4)
  8 hydras
  Harold (D:13)
  Josephine (D:11)
  A stone giant zombie (Orc:4)
  3 death yaks (Lair:8)
  3 orc high priests (Orc:4)
  Nergalle (D:11)
  2 catoblepae
  Erolcha (D:9)
  The ghost of Krikkit the Spear-Bearer, an experienced TeFi of Okawaru (D:9)
  2 unseen horrors
  A lindwurm (Lair:7)
  17 hill giants
  4 orc sorcerers
  Joseph (Orc:4)
  A hydra zombie (D:11)
  4 orc knights (Orc:4)
  6 cyclopes
  A griffon (Lair:4)
  Maurice (D:11)
  A griffon zombie (D:14)
  An elephant slug (Lair:6)
  4 black mambas
  5 slime creatures (D:13)
  11 elephants
  14 spiny frogs
  A feature mimic (D:10)
  Psyche (D:12)
  A hill giant zombie (Orc:4)
  2 wandering mushrooms (Lair:4)
  An iron devil (D:3)
  8 ugly things
  4 komodo dragons
  Sonja (D:13)
  2 polar bears
  9 spriggans (Lair:8)
  A blue devil (Orc:4)
  A troll (Orc:3)
  2 two-headed ogres
  A snapping turtle (Lair:5)
  5 basilisks
  A giant firefly (Lair:8)
  2 shadows
  3 grizzly bears (Lair:8)
  A vampire (D:13)
  48 yaks
  7 blink frogs
  A wyvern (D:10)
  2 hungry ghosts
  2 clay golems (Volcano)
  Grum (D:9)
  11 hippogriffs
  2 wraiths
  4 trapdoor spiders (Lair:6)
  2 steam dragons
  9 fire drakes
  2 sharks
  12 manticores
  2 boulder beetles
  A soldier ant (D:13)
  31 wolves
  Menkaure (D:4)
  2 cyclops zombies (Orc:4)
  A hell hound (Lair:4)
  A phantom (D:10)
  A cyclops skeleton (D:11)
  12 porcupines
  23 orc warriors
  2 sky beasts
  15 giant goldfish
  5 black bears (Lair:8)
  8 ice beasts
  2 hippogriff zombies
  A boring beetle (Lair:7)
  5 centaurs
  A hippogriff skeleton (D:7)
  16 ogres
  17 crocodiles
  A yak skeleton (Orc:4)
  18 water moccasins
  5 wargs
  Eustachio (D:4)
  15 giant frogs
  9 giant slugs
  3 big kobolds
  A yellow wasp zombie (D:10)
  2 gnoll sergeants
  A centaur skeleton (D:10)
  Blork the orc (D:4)
  10 agate snails
  2 soldier ant zombies
  A basilisk skeleton (D:13)
  2 giant frog skeletons
  7 jellyfish
  24 killer bees
  5 lava fish (Volcano)
  11 wights
  3 pulsating lumps (Lair:6)
  A fire bat (Volcano)
  A basilisk simulacrum (D:14)
  12 big fish
  8 electric eels
  A lava snake (Volcano)
  3 crimson imps
  Dowan (D:4)
  Duvessa (D:4)
  A gnoll shaman (D:12)
  A mottled dragon skeleton (D:11)
  2 quasits (D:4)
  6 iguanas
  3 goliath beetles
  An iron imp (D:4)
  9 hounds
  A hound skeleton (D:11)
  21 orc priests
  5 worker ants
  34 orc wizards
  20 sheep
  A worker ant zombie (D:7)
  A big kobold simulacrum (D:11)
  Ijyb (D:5)
  5 jellies
  A mummy (D:7)
  17 gnolls
  3 orc zombies (Orc:4)
  2 scorpions
  5 giant centipedes
  46 green rats
  A lemure (D:4)
  An adder skeleton (D:6)
  An adder zombie (D:10)
  27 adders
  3 giant mites
  4 white imps
  6 worms
  A shadow imp (D:4)
  An ufetubus (D:4)
  A grey rat (D:4)
  10 giant geckos
  An ooze (D:1)
  134 orcs
  38 bats
  4 giant cockroaches
  25 goblins
  16 hobgoblins
  25 jackals
  30 kobolds
  14 quokkas
  14 spectral orcs (D:11)
  A ball python (D:2)
  A giant gecko skeleton (D:4)
  4 giant newts
  2 orc skeletons
  21 rats
  5 rat skeletons (Orc:4)
  A bush (Lair:4)
  6 fungi
  7 plants
1138 creatures vanquished.

Vanquished Creatures (others)
  A yak (Lair:8)
  2 wolves (Lair:8)
  A jackal (D:11)
  A kobold (D:3)
  A quokka (Lair:5)
  A bat (D:4)
  A giant gecko (D:3)
  A giant newt (D:1)
  A goblin (Orc:4)
  6 fungi
  2 plants
18 creatures vanquished.

Grand Total: 1156 creatures vanquished

Notes
Turn   | Place    | Note
--------------------------------------------------------------
     0 | D:1      | Duph, the Hill Orc Berserker, began the quest for the Orb.
     0 | D:1      | Reached XP level 1. HP: 19/19 MP: 0/0
   126 | D:1      | Reached XP level 2. HP: 5/26 MP: 1/1
   875 | D:1      | Acquired Trog's second power
   875 | D:1      | Reached XP level 3. HP: 31/33 MP: 2/2
   954 | D:1      | Reached skill level 1 in Polearms
  1248 | D:2      | Reached skill level 5 in Axes
  1521 | D:2      | Reached XP level 4. HP: 37/39 MP: 3/3
  1934 | D:2      | Upgraded the game from 0.13-a0-1775-g6c024ba to 0.13-a0-2001-g039544c
  2303 | D:3      | Reached XP level 5. HP: 40/46 MP: 4/4
  2548 | D:3      | Found a blossoming altar of Fedhas.
  2677 | D:3      | Noticed an iron devil
  2692 | D:3      | Found a burning altar of Makhleb.
  3039 | D:3      | Found an iron altar of Okawaru.
  3379 | D:3      | Killed an iron devil
  3379 | D:3      | Reached skill level 6 in Axes
  3379 | D:3      | Reached XP level 6. HP: 39/52 MP: 5/5
  3667 | D:4      | Noticed Blork the orc
  3679 | D:4      | Killed Blork the orc
  3679 | D:4      | Reached XP level 7. HP: 56/59 MP: 6/6
  3742 | D:4      | Noticed Menkaure
  3748 | D:4      | Killed Menkaure
  3748 | D:4      | Reached skill level 7 in Polearms
  3834 | D:4      | Acquired Trog's third power
  4085 | D:4      | Noticed Eustachio
  4089 | D:4      | Noticed Duvessa
  4090 | D:4      | Noticed Dowan
  4117 | D:4      | Killed Duvessa
  4132 | D:4      | Killed Dowan
  4268 | D:4      | Killed Eustachio
  4268 | D:4      | Reached skill level 5 in Armour
  4851 | D:4      | Reached XP level 8. HP: 66/66 MP: 7/7
  4896 | D:4      | Found Faqear's Assorted Antiques.
  4984 | D:5      | Entered Level 5 of the Dungeon
  4985 | D:5      | Upgraded the game from 0.13-a0-2001-g039544c to 0.13-a0-2060-gccfd96d
  5116 | D:5      | Found a staircase to the Ecumenical Temple.
  5121 | Temple   | Entered the Ecumenical Temple
  5404 | D:5      | Reached skill level 8 in Axes
  5503 | D:5      | Noticed Ijyb
  5511 | D:5      | Killed Ijyb
  5816 | D:6      | Reached skill level 9 in Axes
  5883 | D:6      | Found Smue's Distillery.
  6510 | D:7      | Found Stem's Antique Armour Shop.
  6579 | D:7      | Reached skill level 10 in Axes
  6580 | D:7      | Reached XP level 9. HP: 64/72 MP: 8/8
  7226 | D:8      | Found a white marble altar of Elyvilon.
  7263 | D:8      | Reached skill level 11 in Axes
  7692 | D:8      | Found a staircase to the Lair.
  8125 | D:8      | Reached skill level 12 in Axes
  8212 | D:9      | Noticed Krikkit's ghost (experienced TeFi)
  8223 | D:9      | Killed Krikkit's ghost
  8223 | D:9      | Reached skill level 13 in Axes
  8223 | D:9      | Reached XP level 10. HP: 73/79 MP: 9/9
  8417 | D:9      | Noticed a hill giant
  8434 | D:9      | Killed a hill giant
  8434 | D:9      | Reached skill level 14 in Axes
  8436 | D:9      | Noticed Gastronok
  8607 | D:9      | Killed Gastronok
  8607 | D:9      | Reached skill level 15 in Axes
  8607 | D:9      | Reached skill level 10 in Armour
  8607 | D:9      | Reached XP level 11. HP: 84/84 MP: 10/10
  9132 | D:9      | Reached skill level 16 in Axes
  9193 | D:9      | Noticed Grum
  9229 | D:9      | Killed Grum
  9452 | D:9      | Noticed Erolcha
  9459 | D:9      | Killed Erolcha
  9842 | Lair:1   | Entered Level 1 of the Lair of Beasts
 10334 | Lair:1   | Received a gift from Trog
 10424 | Lair:1   | Reached skill level 17 in Axes
 11098 | Lair:2   | Reached skill level 1 in Bows
 11966 | Lair:3   | Reached skill level 18 in Axes
 12028 | Lair:3   | Noticed an ice statue
 12068 | Lair:3   | Reached XP level 12. HP: 92/92 MP: 11/11
 12077 | Lair:3   | Received a gift from Trog
 12200 | Lair:3   | Reached skill level 5 in Bows
 12638 | Lair:3   | Noticed a four-headed hydra
 13043 | Lair:2   | Noticed a five-headed hydra
 13420 | Lair:2   | Killed a five-headed hydra
 13571 | Lair:3   | HP: 6/138 [four-headed hydra (10)]
 13573 | Lair:3   | Killed a four-headed hydra
 13955 | Lair:3   | Noticed a six-headed hydra
 13987 | Lair:3   | Killed a six-headed hydra
 14316 | Lair:4   | Received a gift from Trog
 14372 | Lair:4   | Reached skill level 19 in Axes
 14677 | Lair:4   | Received a gift from Trog
 15327 | Lair:4   | Reached skill level 10 in Bows
 15333 | Lair:4   | Reached XP level 13. HP: 97/97 MP: 12/12
 15729 | Lair:4   | Received a gift from Trog
 16099 | Lair:5   | Noticed Maud
 16121 | Lair:5   | Killed Maud
 16459 | Lair:5   | Noticed a six-headed hydra
 16470 | Lair:5   | Killed a six-headed hydra
 16470 | Lair:5   | Reached skill level 20 in Axes
 16574 | Lair:5   | Noticed a seven-headed hydra
 16584 | Lair:5   | Killed a seven-headed hydra
 16660 | Lair:5   | Received a gift from Trog
 16870 | Lair:5   | Received a gift from Trog
 16876 | Lair:5   | Identified a scroll of acquirement
 16975 | Lair:5   | Noticed a six-headed hydra
 16996 | Lair:5   | Killed a six-headed hydra
 17055 | Lair:5   | Received a gift from Trog
 17477 | Lair:5   | Found a staircase to the Shoals.
 18497 | Lair:6   | Found a staircase to the Slime Pits.
 18519 | Lair:6   | Gained mutation: You are weak (Str -1). [potion of mutation]
 18519 | Lair:6   | Gained mutation: You have supernaturally acute eyesight. [potion of mutation]
 18751 | Lair:6   | Reached skill level 21 in Axes
 19456 | Lair:6   | Noticed a four-headed hydra
 19468 | Lair:6   | Killed a four-headed hydra
 19798 | Lair:6   | Received a gift from Trog
 19867 | Lair:6   | Reached XP level 14. HP: 93/105 MP: 11/13
 19892 | Lair:6   | Found a hole to the Spider Nest.
 20943 | Lair:7   | Reached skill level 22 in Axes
 21839 | Lair:7   | Upgraded the game from 0.13-a0-2060-gccfd96d to 0.13-a0-2144-gf0858a5
 21893 | Lair:8   | Entered Level 8 of the Lair of Beasts
 21904 | Lair:7   | Reached skill level 1 in Evocations
 22164 | Lair:8   | Received a gift from Trog
 22537 | Lair:8   | Received a gift from Trog
 22568 | Lair:8   | Reached skill level 5 in Evocations
 22925 | Lair:8   | Received a gift from Trog
 23405 | Lair:8   | Received a gift from Trog
 23651 | Lair:8   | Reached skill level 15 in Bows
 24381 | D:10     | Entered Level 10 of the Dungeon
 24388 | D:10     | Received a gift from Trog
 24492 | D:10     | Found Noxathann's Jewellery Shop.
 24494 | D:10     | Received a gift from Trog
 24510 | D:10     | Bought an uncursed ring of sustain abilities for 280 gold pieces
 24870 | D:10     | Received a gift from Trog
 25001 | D:10     | Reached XP level 15. HP: 87/114 MP: 27/27
 25203 | D:10     | Found a staircase to the Orcish Mines.
 25242 | D:10     | Reached skill level 5 in Fighting
 25374 | D:10     | Found Epiuw's Food Shop.
 25829 | D:11     | Noticed Nergalle
 25846 | D:11     | Killed Nergalle
 25994 | D:11     | Noticed Josephine
 26011 | D:11     | Killed Josephine
 26053 | D:11     | Noticed Maurice
 26060 | D:11     | Killed Maurice
 26211 | D:11     | Found a glowing golden altar of the Shining One.
 27071 | D:12     | Received a gift from Trog
 27619 | D:12     | Received a gift from Trog
 27831 | D:13     | Noticed Psyche
 27918 | D:12     | Killed Psyche
 28416 | D:13     | Noticed Harold
 28421 | D:13     | Received a gift from Trog
 28432 | D:13     | Killed Harold
 28576 | D:13     | Noticed Sonja
 28585 | D:13     | Killed Sonja
 28596 | D:13     | Received a gift from Trog
 28733 | D:13     | Reached skill level 10 in Fighting
 29352 | Orc:1    | Entered Level 1 of the Orcish Mines
 29673 | Orc:2    | Found Jipigig's Magic Scroll Shop.
 29705 | Orc:2    | Found Tear's Assorted Antiques.
 29744 | Orc:2    | Found Bliggatz's Magical Wand Boutique.
 29875 | Orc:2    | Received a gift from Trog
 29879 | Orc:2    | Found Psick's Jewellery Emporium.
 29948 | Orc:2    | Bought an uncursed amulet of the gourmand for 420 gold pieces
 29981 | Orc:2    | Found Tresm's Gadget Emporium.
 30036 | Orc:2    | Found a dark tunnel.
 30038 | Orc:2    | Received a gift from Trog
 30047 | Volcano  | Entered a volcano
 30286 | Volcano  | Found a bloodstained altar of Trog.
 30932 | Orc:1    | Found Pnipaske's Magic Scroll Emporium.
 30952 | Orc:1    | Received a gift from Trog
 31221 | Orc:3    | Received a gift from Trog
 31306 | Orc:3    | Found a burning altar of Makhleb.
 31325 | Orc:3    | Received a gift from Trog
 31792 | Orc:4    | Entered Level 4 of the Orcish Mines
 31873 | Orc:4    | Received a gift from Trog
 31903 | Orc:4    | Reached skill level 1 in Shields
 32187 | Orc:4    | Noticed Fannar
 32202 | Orc:4    | Killed Fannar
 32232 | Orc:4    | Found a staircase to the Elven Halls.
 32338 | Orc:4    | Noticed Joseph
 32351 | Orc:4    | Killed Joseph
 32715 | Orc:4    | Received a gift from Trog
 32987 | Orc:4    | Received a gift from Trog
 33370 | Orc:4    | Noticed a stone giant
 33380 | Orc:4    | Reached skill level 5 in Shields
 33380 | Orc:4    | Reached XP level 16. HP: 127/135 MP: 28/28
 33397 | Orc:4    | Killed a stone giant
 33453 | Orc:4    | Got a crystal spear
 34305 | Orc:4    | Found Ulympi's Food Boutique.
 34316 | Orc:4    | Found Tweil's Food Shoppe.
 34317 | Orc:4    | Found Stialept's Book Shoppe.
 34317 | Orc:4    | Found Clouhites' Antique Armour Boutique.
 34758 | D:13     | Received a gift from Trog
 34789 | D:14     | Entered Level 14 of the Dungeon
 34860 | D:14     | Noticed Nikola
 35165 | D:14     | Killed from afar by Nikola

Action                   |  1- 3 |  4- 6 |  7- 9 | 10-12 | 13-15 | 16-18 || total
-------------------------+-------+-------+-------+-------+-------+-------++-------
Melee: Hand axe          |     7 |       |       |       |       |       ||     7
       Halberd           |    81 |   195 |     1 |       |       |       ||   277
       War axe           |       |       |   198 |       |       |       ||   198
       Broad axe         |       |       |   277 |   681 |  1858 |   176 ||  2992
       Demon trident     |       |       |       |    29 |    41 |       ||    70
       Executioner's axe |       |       |       |       |       |    28 ||    28
 Fire: Bow               |       |       |       |    29 |    83 |       ||   112
       Longbow           |       |       |       |       |   183 |     3 ||   186
Throw: Dart              |     2 |       |       |       |       |       ||     2
       Hand axe          |       |       |    16 |       |       |       ||    16
       Javelin           |       |       |     2 |       |       |       ||     2
       Spear             |       |       |     1 |       |       |       ||     1
Invok: Berserk           |     1 |     2 |     2 |     9 |     6 |     2 ||    22
       Trog's Hand       |       |     2 |    15 |    12 |    17 |     5 ||    51
       Burn Spellbooks   |       |       |       |       |     2 |       ||     2
Evoke: Wand              |       |       |       |       |     1 |     1 ||     2
  Use: Potion            |     2 |     3 |     4 |     1 |     6 |     3 ||    19
       Scroll            |       |       |       |    20 |    23 |     2 ||    45
 Stab: Fleeing           |       |       |       |       |     2 |       ||     2
